 Dungeon Crawl Stone Soup version 0.21-b1-21-g86478ac299 (webtiles) character file.

1254 Ivo the Ducker (level 8, -1/61 HPs)
             Began as a Human Wanderer on Jan 4, 2018.
             Slain by Ijyb
             ... wielding a +2 dagger of electrocution
              (19 damage)
             ... on level 5 of the Dungeon on Jan 5, 2018.
             The game lasted 01:57:43 (8571 turns).

Ivo the Ducker (Human Wanderer)                     Turns: 8571, Time: 01:57:44

Health: -1/61      AC: 13    Str: 13    XL:     8   Next: 80%
Magic:  8/8        EV:  5    Int: 12    God:
Gold:   272        SH:  0    Dex: 15    Spells: 7/7 levels left

rFire    . . .     SeeInvis .   s - +2 dagger (venom)
rCold    . . .     Gourm    .   (no shield)
rNeg     + . .     Faith    .   g - +0 plate armour
rPois    .         Spirit   .   b - +0 helmet
rElec    .         Reflect  .   (no cloak)
rCorr    .         Harm     +   (no gloves)
MR       .....                  (no boots)
Stlth    ..........             q - amulet of harm
HPRegen  0.20/turn              o - ring of positive energy
MPRegen  0.11/turn              (no ring)

@: no status effects
A: no striking features
a: no special abilities


You were on level 5 of the Dungeon.
You were not hungry.

You visited 1 branch of the dungeon, and saw 5 of its levels.
You also visited: Ossuary.

You collected 272 gold pieces.

Inventory:

Hand Weapons
 c - a +0 falchion
 s - a +2 dagger of venom (weapon)
 y - a +2 war axe of freezing
Missiles
 i - 65 stones (quivered)
 p - 4 needles of sleeping
Armour
 b - a +0 helmet (worn)
 d - a +0 robe
 g - a +0 plate armour (worn)
 r - a +0 pair of gloves
Jewellery
 o - a ring of positive energy (left hand)
 q - an amulet of harm (around neck)
Wands
 a - a wand of paralysis (2)
 j - a wand of digging (10)
 n - a wand of flame (23)
Scrolls
 e - a scroll of teleportation
 h - a scroll of immolation {unknown}
 l - 3 scrolls of amnesia
 t - a scroll of identify
 u - a scroll of noise {unknown}
Potions
 k - a potion of cancellation
 v - a potion of lignification
 w - 2 potions of degeneration {unknown}
 x - a potion of curing {unknown}
 z - 2 potions of agility {unknown}
 A - a potion of haste
Comestibles
 f - 8 rations


   Skills:
 + Level 4.6 Fighting
 + Level 4.0 Long Blades
   Level 2.0 Maces & Flails
 + Level 3.3 Throwing
 + Level 4.5 Armour
 + Level 4.6 Dodging
 - Level 4.1 Stealth
 - Level 1.0 Evocations


You had 7 spell levels left.
You didn't know any spells.

Dungeon Overview and Level Annotations

Branches:
Dungeon (5/15)
 Temple: D:4-7

Altars:
Makhleb

Annotations:
D:2 Robin, Sigmund
D:5 Ijyb


Message History

Press: ? - help, Shift-Dir - straight line, f/p - Ijyb
Aim: Ijyb, wielding a dagger of electrocution, wearing a ring mail and carrying a wand of flame (26) (fast)
You throw a stone. The stone barely misses Ijyb.
Throwing (i - inventory):
i - 66 stones (quivered)
Press: ? - help, Shift-Dir - straight line, f/p - Ijyb
Aim: Ijyb, wielding a dagger of electrocution, wearing a ring mail and carrying a wand of flame (26) (fast)
You throw a stone. The stone hits Ijyb but does no damage.
Ijyb zaps a wand.
The puff of flame hits you! Ijyb hits you but does no damage.
You hit Ijyb but do no damage.
Ijyb is poisoned.
Ijyb barely misses you.
You hit Ijyb.
Ijyb looks as sick as possible!
Ijyb is lightly wounded.
Ijyb barely misses you.
You hit Ijyb.
Ijyb looks as sick as possible!
Ijyb is moderately wounded.
Ijyb hits you but does no damage.
You are electrocuted!
Ijyb hits you but does no damage.
You are electrocuted!
* * * LOW HITPOINT WARNING * * *
Ijyb hits you but does no damage.
You are electrocuted!
You die...

#..#########.........#
#...........########
#......(.####
#####....<...####
..............(.(#########
.####........###.....#<..##
.............####..>..)...##
#..####......(##...........#
#.#####((.(.(##@...[......#
#.#....(..(((.g.[.........#
#.5...........##.........##
####....#....#.###...#...##
#............#.# #########
........####.#.. ._......#
#.##.# ...#....# #.# ..
...#....# #.# #..


You could see Ijyb.

Vanquished Creatures
  Grinder (D:5)
  Duvessa (D:5)
  A centaur (D:5)
  3 elf zombies (Ossuary)
  Dowan (D:5)
  4 killer bees
  An orc priest (D:3)
  An orc wizard (D:3)
  Jessica (D:2)
  An iguana (D:5)
  A worker ant (D:4)
  2 big kobold zombies (Ossuary)
  3 mummies (Ossuary)
  4 gnolls
  4 adders
  2 oozes
  2 adder zombies (Ossuary)
  2 worms
  4 dart slugs
  5 leopard geckos
  8 orcs
  2 giant cockroaches
  5 gnoll zombies (Ossuary)
  13 goblins
  13 hobgoblins
  2 jackals (D:2)
  6 kobolds
  2 quokkas
  6 bats
  5 frilled lizards
  7 goblin zombies (Ossuary)
  4 hobgoblin zombies (Ossuary)
  5 jackal zombies (Ossuary)
  3 kobold zombies (Ossuary)
  5 rats
  3 rat zombies (Ossuary)
133 creatures vanquished.

Notes
Turn   | Place    | Note
-------+----------+-------------------------------------------
     0 | D:1      | Ivo the Human Wanderer began the quest for the Orb.
     0 | D:1      | Ivo set off with: a wand of paralysis (15), a scroll of teleportation, a +0 falchion, a +0 robe, a ration
     0 | D:1      | Reached XP level 1. HP: 15/15 MP: 1/1
   153 | D:1      | Reached XP level 2. HP: 6/21 MP: 2/2
   741 | D:1      | Reached XP level 3. HP: 26/26 MP: 3/3
  1358 | D:2      | Noticed Jessica
  1377 | D:2      | Noticed Sigmund
  1393 | D:2      | Noticed Robin
  1421 | D:2      | Reached XP level 4. HP: 32/33 MP: 4/4
  2065 | D:2      | Killed Jessica
  2463 | D:2      | Reached XP level 5. HP: 34/38 MP: 5/5
  4470 | D:3      | Reached XP level 6. HP: 21/46 MP: 6/6
  4472 | D:3      | Upgraded the game from 0.21-b1-19-g8321a34dda to 0.21-b1-21-g86478ac299
  5305 | D:4      | Found a sand-covered staircase.
  5313 | Ossuary  | Entered an ossuary
  5408 | Ossuary  | Reached skill level 1 in Throwing
  5754 | Ossuary  | Reached XP level 7. HP: 39/52 MP: 7/7
  7305 | D:5      | Entered Level 5 of the Dungeon
  7590 | D:5      | Found a burning altar of Makhleb.
  7611 | D:5      | Noticed Grinder
  7759 | D:5      | Paralysed by Grinder for 4 turns
  8046 | D:5      | Reached XP level 8. HP: 60/60 MP: 8/8
  8059 | D:5      | Noticed Dowan
  8060 | D:5      | Noticed Duvessa
  8087 | D:5      | Killed Dowan
  8112 | D:5      | Killed Duvessa
  8118 | D:5      | Killed Grinder
  8548 | D:5      | Noticed Ijyb
  8571 | D:5      | Slain by Ijyb

Skill      XL: |  1  2  3  4  5  6  7  8 |
---------------+-------------------------+-----
Stealth        | 2 3 4 |  4.1
Fighting       | 2 3 4 |  4.6
Dodging        | 2 3 4 |  4.6
Armour         | 2 3 4 |  4.5
Throwing       | 1 2 3 |  3.3
Long Blades    | 4 |  4.0
Maces & Flails | |  2.0
Evocations     | |  1.0

Action                   |  1- 3 |  4- 6 |  7- 9 || total
-------------------------+-------+-------+-------++-------
Melee: Falchion          |    86 |   339 |   172 ||   597
       Dagger            |       |       |    37 ||    37
Throw: Stone             |    21 |    98 |   104 ||   223
Evoke: Wand              |     1 |    10 |    12 ||    23
  Use: Scroll            |     6 |     5 |     3 ||    14
       Potion            |       |     1 |     1 ||     2
 Stab: Paralysed         |     2 |       |    24 ||    26
       Sleeping          |     3 |       |       ||     3
  Eat: Chunk             |     1 |     6 |     1 ||     8
       Ration            |       |     3 |     2 ||     5
Armor: Robe              |     5 |       |       ||     5
       Plate armour      |    53 |   229 |   116 ||   398
       Skin              |       |       |    18 ||    18
Dodge: Dodged            |    34 |    66 |    46 ||   146
       Rpst.: Falchion   |    12 |    20 |    13 ||    45
